AoeStats
← Horizon

Arena

509888946Analyzed
1v1 RM · 4d ago on Sep 28, 2026· 54m 0s· 2 players
Game mode
Random Map
Map size
Tiny (2 player)
Population
200
Speed
Normal
Resources
Standard
Victory
Conquest
Starting age
Dark Age
Ending age
Imperial Age
RankedLock teamsTeams togetherTeam positionsShared explorationLock speedFull tech treeHidden civsTurbo modeCheats
Victory
Defeat
🇩🇪 Saxons · Germany
917
+15
🇬🇷 Vietnamese · Greece
899
-42
Horizon
11:13 Feudal Age
9:30 Loom
11:52 Double-Bit Axe
11:50 Horse Collar
18:41 Castle Age
17:41 Bloodlines
19:50 Husbandry
20:00 Scale Barding Armor
20:05 Forging
22:18 Iron Casting
21:54 Loom
23:01 Gold Mining
23:02 Stone Mining
23:54 Fletching
24:04 Padded Archer Armor
25:03 Murder Holes
30:43 Imperial Age
28:33 Bodkin Arrow
28:25 Treadmill Crane
29:20 Elite Skirmisher
30:05 Thumb Ring
30:46 Leather Archer Armor
31:21 Elite Rattan Archer
32:50 Bow Saw
32:08 Imperial Skirmisher
33:31 Wheelbarrow
32:42 Town Watch
33:49 Arrowslits
35:31 Paper Money
37:21 Hoardings
38:22 Ballistics
39:03 Chemistry
38:16 Masonry
38:44 Siege Engineers
38:53 Bracer
41:11 Ring Archer Armor
41:03 Chain Barding Armor
42:00 Chatras
41:31 Sappers
44:31 Plate Barding Armor
44:54 Guilds
45:43 Hand Cart
45:29 Town Patrol
48:48 Two-Man Saw
war of attrition
8:32 Loom
10:51 Feudal Age
12:47 Town Watch
16:49 Castle Age
15:11 Double-Bit Axe
15:08 Horse Collar
25:09 Pikeman
29:30 Fletching
33:13 Imperial Age
31:16 Scale Mail Armor
34:02 Fortified Wall
34:35 Heavy Plow
34:47 Bow Saw
34:35 Arson
34:51 Squires
37:29 Town Patrol
38:05 Wheelbarrow
38:36 Chain Mail Armor
38:31 Forging
38:03 Onager
39:33 Hand Cart
39:50 Plate Mail Armor
41:40 Two-Man Saw
42:34 Iron Casting
41:55 Bodkin Arrow
42:35 Crop Rotation
41:54 Arrowslits
43:21 Conscription
43:37 Elite Varangian Guard
43:38 Halberdier
44:04 Gambesons
43:44 Elite Hearth Troop
45:00 Hoardings
43:46 Shield Wall
44:34 Bracer
44:32 Murder Holes
44:47 Masonry
47:44 Siege Engineers
48:11 Architecture
47:21 Treadmill Crane
Connection lost

Rejoining the realm…

Still unreachable

The connection could not be restored.

Session expired

The server has moved on; the page needs a fresh start.